AoeStats
← josiahkane

Arena

507675060Analyzed
1v1 RM · 14d ago on Sep 19, 2026· 40m 43s· 2 players
Game mode
Random Map
Map size
Tiny (2 player)
Population
200
Speed
Normal
Resources
Standard
Victory
Conquest
Starting age
Dark Age
Ending age
Imperial Age
RankedLock teamsTeams togetherTeam positionsShared explorationLock speedFull tech treeHidden civsTurbo modeCheats
Victory
Defeat
🇬🇧 Bohemians · United Kingdom
886
+17
🇲🇽 Spanish · Mexico
906
-17
josiahkane
10:23 Feudal Age
11:44 Double-Bit Axe
14:26 Castle Age
12:52 Horse Collar
17:03 Loom
18:35 Chemistry
23:29 Padded Archer Armor
28:33 Murder Holes
28:50 Masonry
28:39 Murder Holes
37:10 Imperial Age
fabulosoeme
0:27 Loom
11:36 Feudal Age
16:18 Castle Age
17:04 Wheelbarrow
21:45 Hand Cart
29:23 Horse Collar
33:56 Imperial Age
32:05 Town Watch
41:51 Chemistry
Connection lost

Rejoining the realm…

Still unreachable

The connection could not be restored.

Session expired

The server has moved on; the page needs a fresh start.